 Dungeon Crawl Stone Soup version 0.29.1-1-gd02db6906a (webtiles) character file.

Game seed: 5346695448573561385

681 gelatine the Shooter (level 7, -3/45 (52) HPs)
             Began as a Demonspawn Hunter on Sept 22, 2022.
             Was an Initiate of Fedhas.
             Slain by a black bear (5 damage)
             ... on level 6 of the Dungeon.
             The game lasted 00:16:30 (4887 turns).

gelatine the Shooter (Demonspawn Hunter)            Turns: 4887, Time: 00:16:32

HP:   -3/45 (52)    AC:  6    Str: 11    XL:     7   Next: 34%
MP:   1/7           EV: 13    Int: 11    God:    Fedhas [......]
Gold: 16            SH:  0    Dex: 20    Spells: 6/7 levels left

rFire   . . .      SeeInvis .   a - +1 shortbow
rCold   . . .      Faith    .   (shield currently unavailable)
rNeg    . . .      Spirit   .   D - +1 robe {Archmagi}
rPois   .          Reflect  .   (helmet restricted)
rElec   .          Harm     .   (no cloak)
rCorr   .          Rampage  .   (no gloves)
Will    .....      Archmagi +   E - +2 pair of boots
Stlth   +++....... Clarity  +   (no amulet)
HPRegen 0.15/turn               g - +4 ring of slaying
MPRegen 0.20/turn               (no ring)

@: very slightly contaminated, studying Necromancy, heavily drained
A: hooves 1, thin skeletal structure 1, magic regeneration, horns 1, clarity
a: Renounce Religion


You were on level 6 of the Dungeon.
You worshipped Fedhas.
Fedhas was noncommittal.
You visited 2 branches of the dungeon, and saw 7 of its levels.

You collected 256 gold pieces.
You spent 240 gold pieces at shops.

Inventory:

Hand Weapons
 a - a +1 shortbow (weapon)
Armour
 C - a +0 scale mail of cold resistance
 D - a +1 robe of the Archmagi (worn)
 E - a +2 pair of boots (worn)
Jewellery
 g - a +4 ring of slaying (left hand)
 m - a ring of ice
Wands
 j - a wand of iceblast (4)
Scrolls
 b - 2 scrolls of immolation
 e - 2 scrolls of amnesia
 n - a scroll of teleportation
 p - 2 scrolls of vulnerability {unknown}
 r - 2 scrolls of fear
 t - a scroll of summoning {unknown}
 v - 2 scrolls of blinking {unknown}
 A - a scroll of enchant armour {unknown}
 B - a scroll of enchant weapon
Potions
 f - a potion of heal wounds {unknown}
 h - 2 potions of invisibility {unknown}
 i - 3 potions of mutation
 k - a potion of lignification {unknown}
 q - 2 potions of curing
 u - a potion of cancellation {unknown}
 w - a potion of might {unknown}
 x - 2 potions of brilliance {unknown}
 z - a potion of degeneration {unknown}
Miscellaneous
 s - a piece from Xom's chessboard (14/15)


   Skills:
 * Level 3.4 Fighting
 + Level 5.8 Ranged Weapons
 * Level 2.7 Armour
 * Level 3.1 Dodging
 * Level 2.6 Stealth
 * Level 0.5 Spellcasting
 * Level 1.4 Necromancy
 * Level 0.9 Invocations
 * Level 0.5 Evocations


You had 6 spell levels left.
You knew the following spells:

 Your Spells              Type           Power      Damage    Failure   Level
a - Necrotise             Necr           20%        1d5       19%         1

Your spell library contained the following spells:

 Spells                   Type           Power      Damage    Failure   Level
 Apportation              Tloc           0%         N/A       34%         1
 Summon Small Mammal      Summ           0%         N/A       34%         1
 Static Discharge         Conj/Air       0%         3-3/arc   45%         2
 Ignite Poison            Fire/Tmut/Pois 0%         N/A       71%         3
 Mephitic Cloud           Conj/Pois/Air  0%         N/A       71%         3
 Stone Arrow              Conj/Erth      0%         3d7       71%         3
 Dispel Undead            Necr           5%         3d7       88%         4
 Corpse Rot               Necr/Pois/Air  1%         N/A       95%         4
 Animate Armour           Summ/Erth      0%         N/A       98%         4
 Freezing Cloud           Conj/Ice/Air   0%         6-21      100%        5
 Death Channel            Necr           2%         N/A       100%        6
 Disjunction              Tloc           0%         N/A       100%        8
 Lehudib's Crystal Spear  Conj/Erth      0%         10d2      100%        8


Dungeon Overview and Level Annotations

Branches:
Dungeon (6/15)             Temple (1/1) D:5

Altars:
Cheibriados
Dithmenos
Fedhas
Gozag
Hepliaklqana
Kikubaaqudgha
Makhleb
Nemelex Xobeh
Okawaru
Qazlal
Ru
Sif Muna
Trog
Uskayaw
Wu Jian
Xom
Yredelemnul

Shops:
D:1 ?   D:2 [   D:4 *   D:5 :!([(


Innate Abilities, Weirdness & Mutations

You have large cloven feet.
You have a somewhat thin skeletal structure. (Dex +2, Stealth+)
You regenerate magic rapidly.
You have a pair of small horns on your head.
You possess an exceptional clarity of mind.


Message History

Unknown command.
The black bear bites you! The black bear claws you. x2
* * * LOW HITPOINT WARNING * * *
The black bear attacks as you move away!
The black bear bites you!
* * * LOW HITPOINT WARNING * * *
The black bear completely misses you. The black bear closely misses you.
Read: 3 scrolls of fear
Press: ? - help, Q - select action, (/) - cycle Dir - look around, f - activate Look: an ogre, wielding a +0 giant spiked club (chance to affect: 97%)
Okay, then.
You feel better. The black bear barely misses you.
The black bear closely misses you. The black bear claws you.
* * * LOW HITPOINT WARNING * * *
The black bear barely misses you.
The black bear claws you but does no damage. x2
Read: 3 scrolls of fear
Press: ? - help, Q - select action, (/) - cycle Dir - look around, f - activate Look: an ogre, wielding a +0 giant spiked club (chance to affect: 97%)
As you read the scroll of fear, it crumbles to dust.
You assume a fearsome visage.
The sky beast looks frightened!
The ogre looks frightened!
The black bear is unaffected.
The black bear closely misses you. The black bear barely misses you.
The black bear claws you.
* * * LOW HITPOINT WARNING * * *
The sky beast flickers out of sight!
Deactivating autopickup; reactivate with Ctrl-A.
Read: scroll of butterflies
Press: ? - help, Q - select action, (/) - cycle Dir - look around, f - activate Look: an ogre, wielding a +0 giant spiked club (fleeing)
As you read the scroll of butterflies, it crumbles to dust.
You hear the tinkle of a tiny bell.
The black bear bites you but does no damage.
The black bear claws you but does no damage. x2
The black bear bites you.
* * * LOW HITPOINT WARNING * * *
The black bear claws you.
You die...
Fedhas appreciates your contribution to the ecosystem.

...............<........#.#.#
###................#.#...#.#.#
...........#....).......#.#.#
.##.##...................#.#.#
#. #.###.....#.#.#.#.###.#.# .
...........#.#.#.#.### #.#
...........b#b#b...... #.#
..#.#......bbbbb..#.#####.#
.........bb@bb..........#
#.#......bbhbb....####..#
.........bbbb."##.# #..#
...#.##{##O##.# #..# .. #.
#.##....# #..# . # #.##.##.#
#..# .......~......# #..#
.Y.#.O..!...... ....
#...........


You could see a black bear (berserk, ally target) and an ogre (fleeing, ally
target).

Vanquished Creatures
  A phantom (D:5)
  2 scorpions (D:5)
  3 wights (D:6)
  A howler monkey (D:5)
  An orc priest (D:5)
  Jessica (D:3)
  2 iguanas
  2 orc wizards (D:5)
  A gnoll (D:4)
  3 adders
  A shadow imp (D:5)
  An ufetubus (D:5)
  A worm (D:3)
  4 dart slugs
  10 orcs
  4 ball pythons
  4 bats
  7 endoplasms
  3 giant cockroaches
  3 goblins
  8 hobgoblins
  A jackal (D:2)
  3 quokkas
  3 frilled lizards
  7 kobolds
  A rat (D:2)
78 creatures vanquished.

Notes
Turn   | Place    | Note
-------+----------+-------------------------------------------
     0 | D:1      | gelatine the Demonspawn Hunter began the quest for the Orb.
     0 | D:1      | Reached XP level 1. HP: 16/16 MP: 1/1
   153 | D:1      | Reached skill level 4 in Ranged Weapons
   157 | D:1      | Gained mutation: You have large cloven feet. [demonic
                  | ancestry]
   157 | D:1      | Reached XP level 2. HP: 22/22 MP: 2/2
   230 | D:1      | Found Rifymof's Magic Scroll Emporium.
   395 | D:1      | Found a faded altar of an unknown god.
   723 | D:1      | Bought a scroll of identify for 26 gold pieces
   807 | D:2      | Reached skill level 1 in Stealth
   858 | D:2      | Gained mutation: You regenerate magic rapidly. [demonic
                  | ancestry]
   858 | D:2      | Reached XP level 3. HP: 27/27 MP: 3/3
   939 | D:2      | Found Rihead's Armour Shoppe.
   950 | D:2      | Gained mutation: You possess an exceptional clarity of
                  | mind. [potion of mutation]
   950 | D:2      | Gained mutation: You have a pair of small horns on your
                  | head. [potion of mutation]
  1030 | D:2      | Got Feppef's Volume of Topological Blasting
  1544 | D:3      | Found a shadowy altar of Dithmenos.
  1546 | D:3      | Reached skill level 1 in Armour
  1817 | D:3      | Noticed Jessica
  1818 | D:3      | Killed Jessica
  1819 | D:3      | Reached XP level 4. HP: 34/34 MP: 4/4
  2049 | D:3      | Found a shimmering altar of Xom.
  2452 | D:4      | Found Banautaf's General Store.
  3117 | D:5      | Entered Level 5 of the Dungeon
  3117 | D:5      | Found Icig's Book Emporium.
  3144 | D:5      | Noticed a phantom
  3384 | D:5      | Gained mutation: You have a somewhat thin skeletal
                  | structure. (Dex +2, Stealth+) [demonic ancestry]
  3384 | D:5      | Reached XP level 5. HP: 39/39 MP: 5/5
  3408 | D:5      | Killed a phantom
  3547 | D:5      | Found Liajoek's Weapon Shop.
  3558 | D:5      | Found an ancient bone altar of Kikubaaqudgha.
  3561 | D:5      | Reached skill level 5 in Ranged Weapons
  3565 | D:5      | Reached XP level 6. HP: 46/46 MP: 6/6
  3567 | D:5      | Found an iron altar of Okawaru.
  3568 | D:5      | Found a hide-covered altar of Uskayaw.
  3595 | D:5      | Found Foenn's Antique Armour Emporium.
  3595 | D:5      | Found Wioditay's Antique Weapon Emporium.
  3602 | D:5      | Found Acisyx's Distillery.
  3637 | D:5      | Found a staircase to the Ecumenical Temple.
  3643 | Temple   | Entered the Ecumenical Temple
  3797 | Temple   | Became a worshipper of Fedhas Madash
  4358 | D:5      | Learned a level 1 spell: Necrotise
  4450 | D:5      | Bought a shiny scale mail for 140 gold pieces
  4470 | D:5      | Bought a runed robe for 74 gold pieces
  4506 | D:6      | Reached XP level 7. HP: 52/52 MP: 7/7
  4529 | D:6      | Reached skill level 1 in Necromancy
  4887 | D:6      | HP: 2/45 [black bear (3)]
  4887 | D:6      | Slain by a black bear

Illustrated notes

Levels and vault maps discovered:
D:1:      lightli_arrival_flooded_house, layout_basic, serial_shops,
          shop_statue, ebering_ecumenical_altar_hall, minmay_misc_feat_plants,
          chequers_serial_rivers_marsh, hex_intersection, minivault_19,
          item_on_display_a
D:2:      layout_loops_ring, serial_shops, nicolae_shop_crystal,
          chequers_hall_statues_wall_a, minmay_tromino_mix6
D:3:      layout_loops_corners, mainiacjoe_overflow_paths, xom_butterflies,
          uniq_jessica
D:4:      layout_basic, nicolae_take_the_stairs, minmay_manual_mail
D:5:      layout_cave_pools, grunt_temple_overflow_open, temple_green,
          serial_shops, shop, shop, shop, nicolae_shop_bloodbath_and_beyond,
          shop, kennysheep_opposing_triangles
D:6:      layout_basic, mainiacjoe_overflow_cross_hatched
Temple:   hellmonk_temple_forest_ring

Skill      XL: |  1  2  3  4  5  6  7 |
---------------+----------------------+-----
Ranged Weapons | 4 5 |  5.8
Dodging        | 2 3 |  3.1
Stealth        | 1 2 |  2.6
Armour         | 1 2 |  2.7
Fighting       | 3 |  3.4
Necromancy     | 1 |  1.4
Spellcasting   | |  0.5
Invocations    | |  0.9
Evocations     | |  0.5

Action                   |  1- 3 |  4- 6 |  7- 9 || total
-------------------------+-------+-------+-------++-------
 Fire: Shortbow          |    64 |   103 |    22 ||   189
 Cast: Necrotise         |       |       |     5 ||     5
Evoke: Piece from Xom's  |       |       |     1 ||     1
  Use: Scroll            |     2 |     4 |     4 ||    10
       Potion            |     1 |       |     1 ||     2
Armor: Leather armour    |     3 |    17 |       ||    20
       Robe              |       |       |    16 ||    16
Dodge: Dodged            |     9 |    41 |    28 ||    78
